 Dungeon Crawl Stone Soup version 0.28-a0-1486-g8196b01e9b (webtiles) character file.

Game seed: 5489609351305002919

101 McIrco the Skirmisher (level 4, 0/41 HPs)
             Began as a Minotaur Fighter on Jan 12, 2022.
             Succumbed to a kobold brigand's curare-tipped dart
             ... on level 5 of the Dungeon.
             The game lasted 00:02:15 (1823 turns).

McIrco the Skirmisher (Minotaur Fighter)            Turns: 1823, Time: 00:02:15

Health: 0/41       AC:  7    Str: 22    XL:     4   Next: 48%
Magic:  3/3        EV:  9    Int:  5    God:
Gold:   34         SH:  4    Dex: 10    Spells: 3/3 levels left

rFire   . . .      SeeInvis .   a - +0 war axe
rCold   . . .      Faith    .   c - +0 buckler
rNeg    . . .      Spirit   .   b - +0 scale mail
rPois   .          Reflect  .   (helmet restricted)
rElec   .          Harm     .   (no cloak)
rCorr   .          Rampage  .   (no gloves)
Will    .....                   (no boots)
Stlth   ..........              (no amulet)
HPRegen 0.13/turn               (no ring)
MPRegen 0.08/turn               (no ring)

@: lethally poisoned (0 -> -2), slowed, very slow
A: horns 2, retaliatory headbutt
a: no special abilities


You were on level 5 of the Dungeon.
You visited 1 branch of the dungeon, and saw 4 of its levels.

You collected 34 gold pieces.

Inventory:

Hand Weapons
 a - a +0 war axe (weapon)
Missiles
 m - 2 throwing nets (quivered)
Armour
 b - a +0 scale mail (worn)
 c - a +0 buckler (worn)
Jewellery
 g - a +6 ring of dexterity
 h - a ring of magical power
 p - an amulet of magic regeneration
Scrolls
 e - a scroll of immolation {unknown}
 i - 2 scrolls of teleportation {unknown}
 j - 2 scrolls of blinking {unknown}
 k - 2 scrolls of identify {unknown}
 t - a scroll of enchant armour {unknown}
Potions
 d - 2 potions of might
 f - a potion of berserk rage {unknown}
 l - a potion of magic {unknown}
 n - a potion of degeneration {unknown}
 o - a potion of flight {unknown}
 q - a potion of heal wounds {unknown}
 r - 2 potions of mutation {unknown}
 s - 3 potions of haste {unknown}


   Skills:
 + Level 4.4 Fighting
 + Level 4.3 Axes
 + Level 4.1 Armour
 + Level 4.1 Shields


You had 3 spell levels left.
You didn't know any spells.
Your spell library contained the following spells:

 Spells                   Type           Power      Damage    Failure   Level
 Ignite Poison            Fire/Tmut/Pois 0%         N/A       99%         3
 Mephitic Cloud           Conj/Pois/Air  0%         N/A       99%         3
 Summon Guardian Golem    Hex/Summ       0%         N/A       99%         3
 Freezing Cloud           Conj/Ice/Air   0%         6-21      100%        5
 Orb of Destruction       Conj           0%         N/A       100%        7
 Spellforged Servitor     Conj/Summ      0%         N/A       100%        7


Dungeon Overview and Level Annotations

Branches:
Dungeon (3/15)

Altars:

Shops:
D:2 !


Innate Abilities, Weirdness & Mutations

You have a pair of horns on your head.
You reflexively headbutt those who attack you in melee.


Message History

An adder and an ufetubus come into view.
The adder hisses angrily.
The ufetubus shouts!
A kobold demonologist comes into view. It is wielding a +0 dagger.
The kobold demonologist gestures wildly while chanting.
A bullfrog skeleton comes into view.
A kobold demonologist and a kobold come into view.
The kobold demonologist is wielding a +0 dagger of venom.
The kobold demonologist shouts!
The kobold shouts!
You hear a shout!
The ufetubus hits you but does no damage.
The ufetubus barely misses you.
The kobold demonologist moves out of view.
A kobold demonologist comes into view. It is wielding a +0 dagger.
The ufetubus hits you.
* * * LOW HITPOINT WARNING * * *
The ufetubus barely misses you.
The kobold brigand throws a curare-tipped dart.
The curare-tipped dart hits you.
You are poisoned.
You have difficulty breathing.
* * * LOW HITPOINT WARNING * * *
You feel yourself slow down. You block the ufetubus's attack.
The ufetubus barely misses you.
The kobold demonologist looks braver for a moment.
Unknown command.
A hornet zombie comes into view.
* * * LOW HITPOINT WARNING * * *
You feel very sick. You block the ufetubus's attack.
The ufetubus hits you but does no damage.
The hornet zombie moves out of view.
* * * LOW HITPOINT WARNING * * *
You feel sick. You block the ufetubus's attack.
The ufetubus hits you but does no damage.
* * * LOW HITPOINT WARNING * * *
You feel sick.
The kobold demonologist casts a spell.
The ufetubus hits you but does no damage.
You block the ufetubus's attack.
The kobold demonologist gestures wildly while chanting.
You die...

#......K##Z.....
#...$...##...K#
#.......##Z.5K# #
#.......###.#.##.#
#........K..5K4..#
####.##.#####S####
#. #.# #5# # ...
#.# ##.. #@#
........#
.........
.#.#.#.### # #.#.
. #. # #. ##


You could see 2 kobold demonologists, a red devil (summoned), an iron imp
(summoned), a crimson imp (summoned), an adder, an ufetubus and a kobold.

Vanquished Creatures
  A gnoll (D:3)
  4 adders
  2 dart slugs (D:2)
  2 endoplasms
  2 giant cockroaches
  7 goblins
  8 hobgoblins
  4 quokkas
  3 ball pythons
  8 bats
  3 frilled lizards
  2 kobolds
  4 rats
50 creatures vanquished.

Notes
Turn   | Place    | Note
-------+----------+-------------------------------------------
     0 | D:1      | McIrco the Minotaur Fighter began the quest for the Orb.
     0 | D:1      | Reached XP level 1. HP: 19/19 MP: 0/0
   250 | D:1      | Reached XP level 2. HP: 27/27 MP: 1/1
   471 | D:1      | Found a faded altar of an unknown god.
   910 | D:2      | Reached XP level 3. HP: 30/33 MP: 2/2
  1346 | D:2      | Found Wiskiun's Distillery.
  1593 | D:3      | Reached XP level 4. HP: 36/41 MP: 3/3
  1793 | D:3      | You fall into a shaft and drop 2 floors!
  1793 | D:5      | Entered Level 5 of the Dungeon
  1813 | D:5      | Noticed a kobold brigand
  1817 | D:5      | Noticed a kobold demonologist
  1818 | D:5      | Noticed a red devil
  1818 | D:5      | Noticed a kobold demonologist
  1819 | D:5      | Noticed a kobold demonologist
  1822 | D:5      | HP: 1/41 [poisoned by a kobold brigand (curare-tipped
                  | dart)]
  1823 | D:5      | Succumbed to a kobold brigand's curare-tipped dart

Illustrated notes

Levels and vault maps discovered:
D:1:      elethiomel_arrival_infinity_welcomes_careful_drivers,
          layout_loops_ring, ebering_ecumenical_altar_hall,
          chequers_serial_rivers_room_b
D:2:      layout_basic, serial_shops, nicolae_lakefront_shop
D:3:      layout_basic
D:5:      layout_loops_cross, mainiacjoe_overflow_big_doors,
          minmay_temple_entry_antechambers, minmay_manual_mess,
          uniq_prince_ribbit1

Skill      XL: |  1  2  3  4 |
---------------+-------------+-----
Fighting       | 4 |  4.4
Axes           | 3 4 |  4.3
Armour         | 4 |  4.1
Shields        | 4 |  4.1

Action                   |  1- 3 |  4- 6 || total
-------------------------+-------+-------++-------
Melee: War axe           |    91 |    16 ||   107
       Headbutt          |     5 |     2 ||     7
Armor: Scale mail        |    48 |    15 ||    63
Dodge: Dodged            |    43 |     9 ||    52
Block: Buckler           |    26 |     9 ||    35

Table legend: (Time is in decaauts)
 A = Elapsed time spent in this place.
 B = Non-inter-level travel time spent in this place.
 C = Inter-level travel time spent in this place.
 D = Time resting spent in this place.
 E = Time spent auto-exploring this place.
 F = Levels seen in this place.
 G = Mean time per level.
                   A        B        C        D        E       F      G
               +--------+--------+--------+--------+--------+-----+--------+
         Total |   1867 |   1828 |     39 |     18 |   1485 |   4 |  466.8 |
       Dungeon |   1867 |   1828 |     39 |     18 |   1485 |   4 |  466.8 |
               +--------+--------+--------+--------+--------+-----+--------+

Top non-repeatable levels by time:
     D:1: 895 daAuts
     D:2: 604 daAuts
     D:3: 336 daAuts
     D:5: 31 daAuts
